 Dungeon Crawl Stone Soup version 0.20-a0-9-g62d82d9 (webtiles) character file.

19173 FrankyJ the Thaumaturge (level 12, -10/109 HPs)
             Began as a Gargoyle Fire Elementalist on Nov 2, 2016.
             Was a High Priest of Vehumet.
             Killed by divine providence
             ... invoked by an orc priest
              (13 damage)
             ... on level 2 of the Orcish Mines.
             The game lasted 01:27:14 (20055 turns).

FrankyJ the Thaumaturge (GrFE)                     Turns: 20055, Time: 01:27:15

Health: -10/109    AC: 20    Str: 17    XL:     12   Next: 66%
Magic:  19/25      EV: 12    Int: 20    God:    Vehumet [*****.]
Gold:   1298       SH:  9    Dex: 11    Spells: 7 memorised, 6 levels left

rFire  . . .     SeeInvis .     x - +7 mace of the Four Curses {holy, -Tele rPois MR+++}
rCold  . . .     Gourm    .     s - +0 steam dragon scales
rNeg   + . .     Faith    .     y - +0 shield
rPois  ∞         Spirit   .     X - +0 hat {MR+}
rElec  +         Reflect  .     n - +1 cloak
rCorr  .         Harm     .     B - +0 pair of gloves
MR     ++++.     NoTele   +     (no boots)
Stlth  ..........               (no amulet)
                                v - +3 ring of protection
                                C - ring of wizardry

@: berserking, heavily drained, very quick
A: antennae 1, negative energy resistance 1, electricity resistance,
unbreathing, petrification resistance, rot immunity, AC +8
a: Renounce Religion


You were on level 2 of the Orcish Mines.
You worshipped Vehumet.
Vehumet was extremely pleased with you.
You were not hungry.

You visited 3 branches of the dungeon, and saw 13 of its levels.

You collected 1298 gold pieces.

Inventory:

Hand Weapons
 f - a +0 blowgun
 h - a +3 vampiric hand axe
 x - the +7 mace of the Four Curses (weapon) {holy, -Tele rPois MR+++}
   (You took it off an orc on level 8 of the Dungeon)

   It has been blessed by the Shining One to cause great damage to the undead
   and demons.
   It protects you from poison.
   It affects your resistance to hostile enchantments.
   It prevents most forms of teleportation.
 E - a +0 flail
 I - a +1 flail of protection
 T - the +7 long sword of the Wolf {drain, *Drain rF+++ Str+4 Stlth+}
   (You found it on level 9 of the Dungeon)

   A truly terrible weapon, it drains the life of those it strikes.
   It affects your strength (+4).
   It renders you almost immune to fire.
   It causes draining when unequipped.
   It makes you more stealthy.
Missiles
 c - 4 throwing nets (quivered)
 i - 36 poisoned needles
 j - 13 tomahawks
Armour
 n - a +1 cloak (worn)
 s - +0 steam dragon scales (worn)
 y - a +0 shield (worn)
 B - a +0 pair of gloves (worn)
 N - a +0 large shield
 X - a +0 hat of magic resistance (worn)
Magical Staves
 k - an uncursed staff of fire
Rods
 z - a +0 lightning rod (9/9)
   (You found it on level 4 of the Dungeon)
Jewellery
 d - an uncursed ring of fire
 v - a +3 ring of protection (right hand)
 C - a ring of wizardry (left hand)
 P - an uncursed ring of stealth
Wands
 m - a wand of digging (8/24)
 H - a wand of lightning (15/15)
 Q - a wand of disintegration (10/24)
 Y - a wand of disintegration (17/24)
Scrolls
 g - 2 scrolls of amnesia
 l - a scroll of remove curse
 D - 2 scrolls of enchant weapon
 G - a scroll of identify
Potions
 o - 2 potions of berserk rage
 p - 6 potions of curing
 t - 2 potions of ambrosia
 w - 3 potions of brilliance
 M - a potion of might {unknown}
 R - a potion of mutation {unknown}
 S - 2 potions of cancellation
Books
 b - a book of Flames

   Spells                             Type                      Level
   a - Flame Tongue                   Conjuration/Fire             1
   b - Throw Flame                    Conjuration/Fire             2
   c - Conjure Flame                  Conjuration/Fire             3
   d - Inner Flame                    Hexes/Fire                   3
   e - Sticky Flame                   Conjuration/Fire             4
   f - Fireball                       Conjuration/Fire             5
 F - a book of Battle

   Spells                             Type                      Level
   a - Infusion                       Charms                       1
   b - Shroud of Golubria             Charms/Translocation         2
   c - Song of Slaying                Charms                       2
   d - Spectral Weapon                Hexes/Charms                 3
   e - Regeneration                   Charms/Necromancy            3
 U - a Young Poisoner's Handbook

   Spells                             Type                      Level
   a - Sting                          Conjuration/Poison           1
   b - Mephitic Cloud                 Conjuration/Poison/Air       3
   c - Olgreb's Toxic Radiance        Poison                       4
   d - Alistair's Intoxication        Transmutation/Poison         5
   e - Venom Bolt                     Conjuration/Poison           5
 V - a book of the Sky

   Spells                             Type                      Level
   a - Summon Lightning Spire         Summoning/Air                4
   b - Airstrike                      Air                          4
   c - Silence                        Hexes/Air                    5
   d - Deflect Missiles               Charms/Air                   6
   e - Conjure Ball Lightning         Conjuration/Air              6
   f - Tornado                        Air                          9
Comestibles
 q - 4 meat rations
 r - a slice of pizza
 u - 8 bread rations
 L - a royal jelly
 O - 7 beef jerkies


   Skills:
 - Level 8.0(6.1) Fighting
   Level 0.1(0.0) Short Blades
 - Level 5.0(3.3) Maces & Flails
 + Level 4.3(2.6) Armour
 + Level 8.0(6.1) Dodging
 - Level 2.1(0.5) Stealth
 + Level 6.1(4.3) Shields
 + Level 9.1(7.2) Spellcasting
 - Level 8.0(6.1) Conjurations
 - Level 8.0(6.1) Fire Magic
 - Level 3.0(1.4) Poison Magic


You had 6 spell levels left.
You knew the following spells:

 Your Spells              Type           Power        Failure   Level  Hunger
a - Flame Tongue          Conj/Fire      ####.        1%          1    None
b - Sticky Flame          Conj/Fire      ####....     4%          4    ###....
c - Fireball              Conj/Fire      ####......   19%         5    #####..
d - Searing Ray           Conj           ####..       1%          2    None
e - Ignite Poison         Fire/Tmut/Pois ###.....     5%          3    #......
f - Regeneration          Chrm/Necr      #.........   65%         3    #......
g - Venom Bolt            Conj/Pois      ###.......   43%         5    #####..


Dungeon Overview and Level Annotations

Branches:
Dungeon (10/15)            Temple (1/1) D:6             Orc (2/2) D:10
   Lair: D:8-11         Elf: Orc:2

Altars:
Ashenzari
Cheibriados
Dithmenos
Elyvilon
Fedhas
Gozag
Hepliaklqana
Kikubaaqudgha
Makhleb
Nemelex Xobeh
Okawaru
Qazlal
Ru
Sif Muna
Trog
Uskayaw
Vehumet
Xom
Yredelemnul
Zin
The Shining One
Beogh

Shops:
Orc:1 ([   Orc:2 }


Innate Abilities, Weirdness & Mutations

You are resistant to torment.
Your stone body is resilient. (AC +8)
You are immune to poison.
You resist negative energy. (rN+)
You are resistant to electric shocks. (rElec)
You can survive without breathing.
You are immune to petrification.
You are immune to rotting.
You have a pair of small antennae on your head.


Message History

The orc knight burns! x2
The orc no longer looks unusually strong.
The orc wizard no longer looks unusually strong.
The orc warrior hits you but does no damage.
The orc knight hits you with an enchanted battleaxe.
The orc warrior hits you with a flail!!
* * * LOW HITPOINT WARNING * * *
The orc wizard mumbles some strange words.
The orc warrior hits you with a flail!
* * * LOW HITPOINT WARNING * * *
Okay, then.
A red film seems to cover your vision as you go berserk!
You feel yourself moving faster!
You feel mighty!
The orc warrior no longer looks unusually strong.
The orc knight burns!
You block the orc warrior's attack.
The orc knight hits you with an enchanted battleaxe!
* * * LOW HITPOINT WARNING * * *
The orc priest invokes the aid of Beogh against you.
Beogh smites you!
You die...

## ##### ###### #
##.##.$.##......
.#.#...............
...................
...................
.......oo..........
......{@o..........
.#....oooo.........
$..................
.......#...........
..##...............
. ........##.......
.......### ....o..
......# ....... ..#
...o...


You could see an orc knight (burning), 2 orc warriors, an orc priest, an orc
wizard and 2 orcs.

Vanquished Creatures
  Gastronok (D:10)
  An orc high priest (Orc:1)
  Nergalle (Orc:1)
  Pikel (D:5)
  A hill giant (D:10)
  An orc knight (D:10)
  2 orc sorcerers
  A cyclops (D:6)
  A merfolk (D:9)
  4 trolls
  2 hippogriffs
  4 two-headed ogres
  4 wyverns
  A yak (D:8)
  2 hogs
  Grum (D:10)
  A hungry ghost (D:6)
  2 steam dragons
  3 wargs
  4 water moccasins
  11 black bears
  18 orc warriors
  2 sky beasts
  2 ice beasts
  A phantom (D:8)
  6 ogres
  2 eyes of draining
  6 centaurs
  2 wolves (D:10)
  6 big kobolds
  3 gnoll sergeants
  8 bullfrogs
  6 scorpions
  8 wights
  3 electric eels (D:9)
  7 crimson imps
  A centaur zombie (D:5)
  7 hounds
  7 jellies
  A bullfrog zombie (D:7)
  2 centaur skeletons
  3 gnoll shamans (D:9)
  13 orc priests
  20 orc wizards
  A bullfrog skeleton (D:5)
  2 iguanas
  Jessica (D:3)
  Ijyb (D:3)
  Natasha (thrice) (D:2)
  8 worker ants
  A killer bee zombie (D:5)
  A hound zombie (D:7)
  A howler monkey zombie (D:6)
  45 gnolls
  11 adders
  A shadow imp (D:4)
  An ooze (D:1)
  An adder zombie (D:7)
  A worm (D:4)
  2 dart slugs
  8 leopard geckos
  87 orcs
  4 bats
  5 giant cockroaches
  12 goblins
  12 hobgoblins
  44 jackals
  2 quokkas
  A ball python (D:1)
  3 frilled lizards
  A jackal skeleton (D:4)
  22 kobolds
  2 quokka skeletons (D:5)
  10 rats
477 creatures vanquished.

Vanquished Creatures (others)
  A slave (D:9)
  A gnoll (D:5)
  A plant (D:9)
3 creatures vanquished.

Grand Total: 480 creatures vanquished

Notes
Turn   | Place    | Note
-------+----------+-------------------------------------------
     0 | D:1      | FrankyJ the Gargoyle Fire Elementalist began the quest for the Orb.
     0 | D:1      | Reached XP level 1. HP: 10/10 MP: 3/3
   141 | D:1      | Reached XP level 2. HP: 9/15 MP: 0/5
   739 | D:1      | Reached XP level 3. HP: 19/19 MP: 3/6
   943 | D:1      | Found a glowing golden altar of the Shining One.
  1470 | D:2      | Noticed Natasha
  1577 | D:2      | Killed Natasha
  1577 | D:2      | Reached XP level 4. HP: 24/24 MP: 3/8
  1918 | D:2      | Reached skill level 3 in Spellcasting
  2297 | D:2      | Learned a level 4 spell: Sticky Flame
  2402 | D:2      | Noticed Natasha
  2408 | D:2      | Killed Natasha
  2408 | D:2      | Reached XP level 5. HP: 28/28 MP: 4/10
  2455 | D:2      | Learned a level 5 spell: Fireball
  2663 | D:2      | Noticed Natasha
  2803 | D:2      | Killed Natasha
  2878 | D:3      | Noticed Jessica
  2885 | D:3      | Killed Jessica
  3276 | D:3      | Noticed Ijyb
  3283 | D:3      | Killed Ijyb
  3283 | D:3      | Reached XP level 6. HP: 32/32 MP: 5/11
  3538 | D:3      | Reached skill level 4 in Spellcasting
  4432 | D:4      | Reached skill level 1 in Armour
  4432 | D:4      | Reached XP level 7. HP: 30/36 MP: 7/13
  4573 | D:4      | Gained mutation: You have a pair of small antennae on your head. [potion of beneficial mutation]
  4594 | D:5      | Entered Level 5 of the Dungeon
  4811 | D:5      | Reached skill level 5 in Spellcasting
  5630 | D:5      | Reached XP level 8. HP: 41/41 MP: 9/16
  5967 | D:5      | Reached skill level 5 in Conjurations
  6150 | D:5      | Reached skill level 6 in Spellcasting
  6654 | D:5      | Reached skill level 5 in Fire Magic
  7691 | D:6      | Found a staircase to the Ecumenical Temple.
  7697 | Temple   | Entered the Ecumenical Temple
  7946 | Temple   | Became a worshipper of Vehumet
  8072 | D:6      | Reached skill level 1 in Fighting
  8170 | D:6      | Reached XP level 9. HP: 47/47 MP: 12/19
  8398 | D:6      | Noticed a cyclops
  8408 | D:6      | Noticed Pikel
  8434 | D:5      | Killed Pikel
  8434 | D:5      | Reached skill level 7 in Spellcasting
  9481 | D:7      | Reached * piety under Vehumet
  9481 | D:7      | Offered knowledge of Sandblast by Vehumet.
  9845 | D:7      | Reached skill level 8 in Spellcasting
 10459 | D:6      | HP: 2/52 [cyclops/large rock (29)]
 10473 | D:6      | Killed a cyclops
 10473 | D:6      | Reached XP level 10. HP: 19/58 MP: 6/22
 11785 | D:8      | Reached skill level 9 in Spellcasting
 11805 | D:8      | Offered knowledge of Searing Ray by Vehumet.
 11809 | D:8      | Learned a level 2 spell: Searing Ray
 11827 | D:8      | Reached skill level 5 in Fighting
 11841 | D:8      | Reached ** piety under Vehumet
 13066 | D:8      | Got a smoking mace {holy}
 13068 | D:8      | Identified the +7 mace of the Four Curses {holy, -Tele rPois MR+++} (You took it off an orc on level 8 of the Dungeon)
 13809 | D:9      | Offered knowledge of Ignite Poison by Vehumet.
 13811 | D:9      | Reached skill level 1 in Maces & Flails
 13824 | D:9      | Learned a level 3 spell: Ignite Poison
 13952 | D:9      | Learned a level 3 spell: Regeneration
 14078 | D:9      | Reached XP level 11. HP: 52/63 MP: 24/24
 14183 | D:9      | Reached *** piety under Vehumet
 14443 | D:9      | Reached skill level 5 in Dodging
 14905 | D:10     | Entered Level 10 of the Dungeon
 14954 | D:9      | Learned a level 5 spell: Venom Bolt
 15239 | D:9      | Reached skill level 1 in Poison Magic
 15475 | D:9      | Got an iridescent long sword
 15534 | D:9      | Found a bloodstained altar of Trog.
 15837 | D:9      | Offered knowledge of Throw Icicle by Vehumet.
 16900 | D:10     | Reached **** piety under Vehumet
 16911 | D:10     | Found a staircase to the Orcish Mines.
 16928 | Orc:1    | Entered Level 1 of the Orcish Mines
 16951 | Orc:1    | Noticed an orc knight
 16959 | Orc:1    | Noticed Gastronok
 16980 | D:10     | Killed an orc knight
 17032 | D:10     | Offered knowledge of Dazzling Spray by Vehumet.
 17273 | D:10     | Reached skill level 5 in Maces & Flails
 17359 | D:10     | Reached skill level 1 in Shields
 17401 | D:10     | Noticed Grum
 17413 | D:10     | Killed Grum
 17947 | D:10     | Noticed a hill giant
 17957 | D:10     | Killed a hill giant
 17957 | D:10     | Reached ***** piety under Vehumet
 17957 | D:10     | Reached XP level 12. HP: 19/71 MP: 15/25
 18430 | D:10     | Offered knowledge of Iskenderun's Mystic Blast by Vehumet.
 18844 | D:10     | Killed Gastronok
 19221 | Orc:1    | Found Meuluqiu's Armour Shop.
 19222 | Orc:1    | Found Ruthrahe's Antique Weapon Emporium.
 19222 | Orc:1    | Noticed Nergalle
 19222 | Orc:1    | Noticed an orc high priest
 19240 | Orc:2    | Entered Level 2 of the Orcish Mines
 19261 | Orc:2    | Reached skill level 5 in Shields
 19496 | Orc:2    | Found a roughly hewn altar of Beogh.
 19535 | Orc:1    | Killed an orc high priest
 19713 | Orc:1    | Killed Nergalle
 19991 | Orc:2    | Found Xexiket's Quality Used Wands.
 20010 | Orc:2    | Noticed an orc warlord
 20026 | Orc:2    | Noticed a sun demon
 20032 | Orc:2    | Noticed an orc high priest
 20034 | Orc:2    | Identified the +7 long sword of the Wolf {drain, *Drain rF+++ Str+4 Stlth+} (You found it on level 9 of the Dungeon)
 20055 | Orc:2    | HP: 3/109 [orc knight/enchanted battleaxe (15)]
 20055 | Orc:2    | Killed from afar by an orc priest

Vault maps used:
D:1:      nicolae_arrival_washed_ashore, kennysheep_another_room, tso_altar
D:2:      uniq_natasha
D:3:      minmay_ogre_servants, uniq_iyjb, uniq_jessica
D:4:      nrook_uturn
D:5:      lemuel_castle_with_subvaults, first_bread, hangedman_decor_riveting
D:6:      minmay_cornered_nines, uniq_pikel
D:7:      grunt_ogre_cave
D:9:      kennysheep_town
D:10:     hiddenorc2_lemuel, uniq_grum
Temple:   nicolae_temple_the_god_donut
Orc:1:    serial_shops, shop, shop, uniq_gastronok, uniq_nergalle
Orc:2:    grunt_orc_tribal_feast, basic_altar, nicolae_for_you_no_charge,
          uniq_sonja

Skill      XL: |  1  2  3  4  5  6  7  8  9 10 11 12 |
---------------+-------------------------------------+-----
Dodging        | 2 4 7 8 |  8.0
Conjurations   | 2 3 4 5 7 8 |  8.0
Spellcasting   | 3 4 5 6 8 9 |  9.1
Fire Magic     | 4 5 6 8 |  8.0
Armour         | 1 2 4 |  4.3
Fighting       | 1 4 5 6 8 |  8.0
Maces & Flails | 1 5 |  5.0
Poison Magic   | 3 |  3.0
Shields        | 3 6 |  6.1
Short Blades   | |  0.1
Stealth        | |  2.1

Action                   |  1- 3 |  4- 6 |  7- 9 | 10-12 || total
-------------------------+-------+-------+-------+-------++-------
Melee: Dagger            |    16 |       |       |       ||    16
       Hand axe          |     4 |    71 |   194 |   180 ||   449
       Mace              |       |       |       |   475 ||   475
Throw: Throwing net      |       |       |     2 |       ||     2
 Cast: Flame Tongue      |    55 |    91 |   240 |    42 ||   428
       Sticky Flame      |       |       |    31 |   132 ||   163
       Fireball          |       |       |     3 |    45 ||    48
       Searing Ray       |       |       |       |     2 ||     2
  Use: Scroll            |       |     4 |     6 |    16 ||    26
       Potion            |       |       |     3 |     4 ||     7
 Stab: Sleeping          |     1 |     1 |     1 |       ||     3
  Eat: Fruit             |     2 |       |       |     3 ||     5
       Bread ration      |     1 |       |       |       ||     1
       Chunk             |     1 |     9 |    21 |    47 ||    78
       Beef jerky        |       |       |     1 |     1 ||     2
       Meat ration       |       |       |     1 |       ||     1
       Pizza             |       |       |       |     1 ||     1
Armor: Robe              |    12 |    52 |    36 |       ||   100
       Leather armour    |       |       |   150 |   235 ||   385
       Troll leather arm |       |       |       |    74 ||    74
       Steam dragon scal |       |       |       |   142 ||   142
Dodge: Dodged            |    25 |    66 |   264 |   555 ||   910
Block: Buckler           |       |       |       |    13 ||    13
       Shield            |       |       |       |    96 ||    96
